 Dungeon Crawl Stone Soup version 0.29.0-4-gdea44cf6ec (webtiles) character file.

Game seed: 6809605150726496018

37 qw the Ruffian (level 3, 0/36 HPs)
             Began as a Troll Cinder Acolyte on Sept 1, 2022.
             Was a High Priest of Ignis.
             Killed from afar by Sigmund (3 damage)
             ... with a magic dart
             ... on level 2 of the Dungeon.
             The game lasted 00:00:49 (1471 turns).

qw the Ruffian (Troll Cinder Acolyte)               Turns: 1471, Time: 00:00:50

Health: 0/36       AC:  4    Str: 24    XL:     3   Next: 21%
Magic:  3/3        EV:  9    Int: 10    God:    Ignis [*****.]
Gold:   27         SH:  0    Dex:  5    Spells: 4/4 levels left

rFire   + . .      SeeInvis .     - Unarmed
rCold   . . .      Faith    .   (no shield)
rNeg    . . .      Spirit   .   a - +0 robe
rPois   .          Reflect  .   (helmet restricted)
rElec   .          Harm     .   (no cloak)
rCorr   .          Rampage  .   (gloves unavailable)
Will    .....                   (boots unavailable)
Stlth   +.........              (no amulet)
HPRegen 0.92/turn               (no ring)
MPRegen 0.08/turn               (no ring)

@: no status effects
A: large, unfitting armour, claws 3, regeneration 1, shaggy fur 1, tough skin 1
a: Renounce Religion, Fiery Armour, Foxfire Swarm, Rising Flame


You were on level 2 of the Dungeon.
You worshipped Ignis.
Ignis was extremely pleased with you.
You visited 1 branch of the dungeon, and saw 2 of its levels.

You collected 27 gold pieces.


Innate Abilities, Weirdness & Mutations

You are too large for most types of armour.
You have claws for hands.
Your natural rate of healing is unusually fast.
You are covered in fur. (AC +1)
You have tough skin. (AC +1)


   Skills:
 - Level 2.4 Fighting
 + Level 4.3 Unarmed Combat
 - Level 1.0 Spellcasting
 - Level 2.1 Fire Magic


You had 4 spell levels left.
You didn't know any spells.
Your spell library contained the following spells:

 Spells                   Type           Power      Damage    Failure   Level
 Scorch                   Fire           8%         2d5       22%         2

Inventory:

Armour
 a - a +0 robe (worn)
Scrolls
 c - a scroll of amnesia {unknown}
 e - a scroll of noise {unknown}
Potions
 b - a potion of curing {unknown}
 d - a potion of cancellation {unknown}
 f - a potion of lignification {unknown}

Dungeon Overview and Level Annotations

Branches:
Dungeon (2/15)

Altars:

Annotations:
D:2 Sigmund


Message History

Found a stone staircase leading down.
Sigmund the Dreaded comes into view.
He is wielding a +0 vorpal scythe and wearing a +2 robe of willpower.
Sigmund shouts!
An endoplasm comes into view.
Sigmund asks, "Do you like me?"
There is a stone staircase leading down here.
The endoplasm quivers.
Sigmund casts a spell.
Sigmund flickers and vanishes!
Deactivating autopickup; reactivate with Ctrl-A.
Something hits you.
1454 ||| FLEEEEING.
1455 ||| FLEEEEING.
Found 13 gold pieces.
1456 ||| FLEEEEING.
1457 ||| FLEEEEING.
Something hits you but does no damage.
The endoplasm hits you but does no damage.
You claw the endoplasm!
You kill the endoplasm!
Something hits you! Something hits you!
You hear some strange, mumbled words.
You are confused.
Something hits you.
You hear some strange, mumbled words.
A puff of flame appears from out of thin air!
The puff of flame hits you. You resist.
You're too confused to attack without stumbling around!
There is a strange disturbance nearby!
You feel less confused. Something hits you.
You claw something! You miss something. Something hits you.
You closely miss something. You closely miss something.
You hear some strange, mumbled words.
A magic dart appears from out of thin air!
The magic dart hits you.
You die...

#..................
#.............###
#.....##......#
.......##......##
#..###.#........#
......#........#
...............#
#........#####
#.....@..####
#.....{.....#
#...........#
#.......>...#
#......#....#
######.#....#
#.#....# #.#$...#
#.#....#


There were no monsters in sight!

Vanquished Creatures
  A dart slug (D:2)
  6 endoplasms
  2 giant cockroaches
  5 goblins
  3 jackals (D:1)
  3 quokkas (D:1)
  A ball python (D:1)
  4 bats
  3 frilled lizards (D:1)
  2 kobolds (D:1)
  3 rats (D:1)
33 creatures vanquished.

Notes
Turn   | Place    | Note
-------+----------+-------------------------------------------
     0 | D:1      | qw the Troll Cinder Acolyte began the quest for the Orb.
     0 | D:1      | Reached XP level 1. HP: 22/22 MP: 1/1
     0 | D:1      | 0 ||| qw: Version: 0.1-a-97-g2dd2ca4
     0 | D:1      | 0 ||| qw: Game counter: 4832
     0 | D:1      | 0 ||| qw: Always use a shield: true
     0 | D:1      | 0 ||| qw: God list: Okawaru
     0 | D:1      | 0 ||| qw: Allow faded altars: false
     0 | D:1      | 0 ||| qw: Do Orc after D:15 true
     0 | D:1      | 0 ||| qw: Do second Lair branch before Depths: true
     0 | D:1      | 0 ||| qw: Lair rune preference: random
     0 | D:1      | 0 ||| qw: Plans: Normal
     0 | D:1      | 0 ||| PLANNING D:1-11
   232 | D:1      | Reached XP level 2. HP: 29/29 MP: 2/2
   241 | D:1      | 241 ||| Stepping ~*~*~tactically~*~*~ (outnumbered).
   274 | D:1      | 274 ||| Stepping ~*~*~tactically~*~*~ (stealth).
   349 | D:1      | 349 ||| Stepping ~*~*~tactically~*~*~ (stealth).
   483 | D:1      | Reached skill level 4 in Unarmed Combat
  1054 | D:1      | 1054 ||| DROPPING ring of flight.
  1055 | D:1      | 1055 ||| READING scroll labelled EFESSUOLER.
  1156 | D:1      | 1156 ||| READING scroll labelled KOTIZO JORE.
  1157 | D:1      | 1157 ||| DRINKING 2 yellow potions.
  1158 | D:1      | 1158 ||| DROPPING potion of brilliance.
  1199 | D:2      | 1199 ||| Stepping ~*~*~tactically~*~*~ (hiding).
  1220 | D:2      | 1220 ||| Stepping ~*~*~tactically~*~*~ (hiding).
  1229 | D:2      | Reached XP level 3. HP: 32/36 MP: 3/3
  1450 | D:2      | Noticed Sigmund
  1454 | D:2      | 1454 ||| FLEEEEING.
  1455 | D:2      | 1455 ||| FLEEEEING.
  1456 | D:2      | 1456 ||| FLEEEEING.
  1457 | D:2      | 1457 ||| FLEEEEING.
  1466 | D:2      | HP: 9/36 [something/puff of flame (5)]
  1469 | D:2      | HP: 2/36 [something (5)]
  1471 | D:2      | Killed from afar by Sigmund

Levels and vault maps discovered:
D:1:      nicolae_arrival_washed_ashore, layout_loops_corners, serial_rivers,
          chequers_serial_rivers_large_a, chequers_serial_rivers_micro_e,
          chequers_serial_rivers_micro_d, chequers_serial_rivers_micro_b,
          roderic_lattice_a
D:2:      layout_basic, uniq_sigmund

Skill      XL: |  1  2 |
---------------+-------+-----
Unarmed Combat | 4 |  4.3
Fighting       | |  2.4
Spellcasting   | |  1.0
Fire Magic     | |  2.1

Action                   || total
-------------------------++-------
Melee: Unarmed           ||   114
       Punch             ||     1
Throw: Boomerang         ||     2
  Use: Scroll            ||     2
       Potion            ||     1
Armor: Robe              ||    37
Dodge: Dodged            ||    36

Table legend:
 A = Non-vault XP
 B = Vault XP
 C = Vault XP percentage of total XP
 D = Non-vault monster count
 E = Vault monster count
 F = Vault count percentage of total count
                 A         B        C        D         E       F
            +---------+---------+-------+---------+---------+-------
      Total |      53 |       0 |   0.0 |      33 |       0 |   0.0
            +---------+---------+-------+---------+---------+-------
        D:1 |      36 |       0 |   0.0 |      24 |       0 |   0.0
        D:2 |      17 |       0 |   0.0 |       9 |       0 |   0.0
            +---------+---------+-------+---------+---------+-------
